 Dungeon Crawl Stone Soup version 0.28-a0-804-g60983d4ba9 (webtiles) character file.

Game seed: 747786467476624755

30 vurker the Gusty (level 3, 0/15 HPs)
             Began as a Felid Air Elementalist on Nov 7, 2021.
             Slain by an adder (3 damage)
             ... on level 2 of the Dungeon.
             The game lasted 00:01:44 (1584 turns).

vurker the Gusty (Felid Air Elementalist)           Turns: 1584, Time: 00:01:44

Health: 0/15       AC:  1    Str:  4    XL:     3   Next: 3%
Magic:  0/7        EV: 17    Int: 17    God:
Gold:   61         SH:  0    Dex: 16    Spells: 5/6 levels left
                                        Lives:  0   Deaths: 0

rFire   . . .      SeeInvis +   (weapon unavailable)
rCold   . . .      Faith    .   (shield unavailable)
rNeg    . . .      Spirit   .   (armour unavailable)
rPois   .          Reflect  .   (helmet unavailable)
rElec   .          Harm     .   (cloak unavailable)
rCorr   .          Rampage  .   (gloves unavailable)
Will    .....                   (boots unavailable)
Stlth   ++........              (no amulet)
HPRegen 0.05/turn               (no ring)
MPRegen 0.10/turn               (no ring)

@: lethally poisoned (0 -> -8), very slightly contaminated, quick
A: very small, claws 1, fangs 3, see invisible, speed 1, shaggy fur 1, stealthy
paws, no weapons or thrown items, no armour, multi-lived
a: no special abilities


You were on level 2 of the Dungeon.
You visited 1 branch of the dungeon, and saw 2 of its levels.

You collected 61 gold pieces.

Inventory:

Scrolls
 a - a scroll of acquirement {unknown}
 b - a scroll of silence {unknown}
 e - a scroll of identify {unknown}


   Skills:
 + Level 0.8 Fighting
 - Level 2.6 Dodging
 - Level 2.6 Stealth
 * Level 2.4 Spellcasting
 + Level 1.3 Conjurations
 * Level 3.1 Air Magic


You had 5 spell levels left.
You knew the following spells:

 Your Spells              Type           Power      Damage    Failure   Level
a - Shock                 Conj/Air       36%        1d5       8%          1

Your spell library contained the following spells:

 Spells                   Type           Power      Damage    Failure   Level
 Static Discharge         Conj/Air       9%         N/A       11%         2
 Swiftness                Air            12%        N/A       16%         3
 Airstrike                Air            6%         N/A       45%         4


Dungeon Overview and Level Annotations

Branches:
Dungeon (2/15)

Altars:


Innate Abilities, Weirdness & Mutations

You have sharp claws.
You have razor-sharp teeth.
You have supernaturally acute eyesight. (SInv)
You cover ground quickly. (Speed+)
You are covered in fur. (AC +1)
Your paws help you pounce on unaware monsters.
You are incapable of wielding weapons or throwing items.
You cannot wear armour.
You gain extra lives every three experience levels.


Message History

Aim: an adder (asleep, 100% to hit)
The zap hits the adder.
The adder hisses angrily.
Aim: an adder (lightly wounded, 48% to hit)
The zap misses the adder.
Aim: an adder (lightly wounded, 48% to hit)
The zap hits the adder.
Aim: an adder (heavily wounded, 48% to hit)
You miscast Shock.
Nothing appears to happen.
You miscast Shock.
Nothing appears to happen.
The adder closely misses you.
The zap misses the adder. x2; The adder closely misses you.
You don't have enough magic to cast this spell.
You don't have enough magic to cast this spell.
You barely miss the adder. The adder bites you. x2
You are poisoned.
The adder poisons you!
You closely miss the adder. Your bite misses the adder.
* * * LOW HITPOINT WARNING * * *
You feel sick. The adder bites you.
* * * LOW HITPOINT WARNING * * *
You are more poisoned.
The adder poisons you!
The zap misses the adder. x2
* * * LOW HITPOINT WARNING * * *
You feel sick. The adder completely misses you.
It was a potion of curing.
You feel better. The adder closely misses you.
You barely miss the adder. The adder misses you. The adder bites you.
You are poisoned.
The adder poisons you!
You scratch the adder but do no damage.
You feel sick. The adder bites you.
* * * LOW HITPOINT WARNING * * *
You are lethally poisoned!
The adder poisons you!
You aren't carrying any items that you can evoke.
Unknown command.
It was a potion of heal wounds.
You feel much better.
You feel sick. The adder bites you.
You are lethally poisoned!
The adder poisons you!
You closely miss the adder.
* * * LOW HITPOINT WARNING * * *
You feel very sick. The adder barely misses you. The adder closely misses you.
You scratch the adder.
* * * LOW HITPOINT WARNING * * *
You feel sick. The adder misses you.
You scratch the adder.
* * * LOW HITPOINT WARNING * * *
You feel sick. The adder bites you.
You die...

#. #...#####.##.##### ..
##.## #......... #. #.#
####.##.## #. #.# #.##.#
###. ##.# #....# ... #..#
####.# ##.##.#######
#####.## #...S......<.
#.......
......###@#######.#.###.##
.#... #.# #......... #..
#.# ###.#####. #. #.# #.
.. #.# #. . ... #. #.# #.
#.. #. #.


You could see an adder.

Vanquished Creatures
  3 dart slugs (D:1)
  An endoplasm (D:1)
  3 goblins
  4 hobgoblins
  2 jackals (D:2)
  A quokka (D:1)
  2 bats
  A frilled lizard (D:1)
  3 kobolds (D:1)
  2 rats (D:1)
22 creatures vanquished.

Vanquished Creatures (others)
  A plant (D:1)
1 creature vanquished.

Grand Total: 23 creatures vanquished

Notes
Turn   | Place    | Note
-------+----------+-------------------------------------------
     0 | D:1      | vurker the Felid Air Elementalist began the quest for the
                  | Orb.
     0 | D:1      | Reached XP level 1. HP: 7/7 MP: 4/4
   306 | D:1      | Reached skill level 1 in Conjurations
   645 | D:1      | Reached XP level 2. HP: 12/12 MP: 3/6
   837 | D:1      | Reached skill level 3 in Air Magic
   964 | D:1      | Found a faded altar of an unknown god.
  1416 | D:2      | Reached XP level 3. HP: 12/15 MP: 4/7
  1584 | D:2      | Slain by an adder

Illustrated notes

Levels and vault maps discovered:
D:1:      heliophobic_arrival_enchanted_forest, layout_basic,
          chequers_ecumenical_altar_island, serial_forest,
          infiniplex_forest_lined_room_3, infiniplex_forest_straight_4,
          infiniplex_forest_straight_4, infiniplex_forest_lined_corner,
          infiniplex_forest_clump_long, st_stairs_8
D:2:      layout_loops_ring, hangedman_decor_push, uniq_sigmund, uniq_terence,
          uniq_natasha

Skill      XL: |  1  2 |
---------------+-------+-----
Conjurations   | 1 |  1.3
Air Magic      | 3 |  3.1
Fighting       | |  0.8
Dodging        | |  2.6
Stealth        | |  2.6
Spellcasting   | |  2.4

Action                   || total
-------------------------++-------
Melee: Unarmed           ||    26
 Cast: Shock             ||    62
  Use: Potion            ||     2
Dodge: Dodged            ||    34

Table legend: (Time is in decaauts)
 A = Elapsed time spent in this place.
 B = Non-inter-level travel time spent in this place.
 C = Inter-level travel time spent in this place.
 D = Time resting spent in this place.
 E = Time spent auto-exploring this place.
 F = Levels seen in this place.
 G = Mean time per level.
                   A        B        C        D        E       F      G
               +--------+--------+--------+--------+--------+-----+--------+
         Total |   1460 |   1442 |     18 |      0 |   1285 |   2 |  730.0 |
       Dungeon |   1460 |   1442 |     18 |      0 |   1285 |   2 |  730.0 |
               +--------+--------+--------+--------+--------+-----+--------+

Top non-repeatable levels by time:
     D:1: 1181 daAuts
     D:2: 279 daAuts
